 Dungeon Crawl Stone Soup version 0.31-a0-977-gc230f8ef24 (webtiles) character file.

Game seed: 10079827859740742021

365 Descartes the Shooter (level 7, 0/50 HPs)
             Began as a Formicid Hunter on Oct 29, 2023.
             Was an Initiate of Qazlal.
             Killed from afar by a white imp (6 damage)
             ... with a puff of frost
             ... on level 4 of the Dungeon.
             The game lasted 00:05:46 (2802 turns).

Descartes the Shooter (Formicid Hunter)             Turns: 2802, Time: 00:05:46

Health: 0/50       AC:  8    Str: 17    XL:     7   Next: 0%
Magic:  7/7        EV: 10    Int: 16    God:    Qazlal [......]
Gold:   205        SH:  0    Dex: 17    Spells: 6/6 levels left

rFire   . . .        b - +6 short sword of Parts Unknown {freeze, Int+7}
rCold   . . .        (no shield)
rNeg    . . .        n - +0 scale mail
rPois   .            (helmet unavailable)
rElec   .            (no cloak)
rCorr   .            k - +0 pair of gloves
SInv    +            q - +0 pair of boots
Will    .....        (no amulet)
Stlth   +            (no ring)
HPRegen 0.28/turn    (no ring)
MPRegen 0.10/turn

%: no passive effects
@: no status effects
A: permanent stasis, dig shafts and tunnels, antennae 3, four strong arms
a: Dig, Shaft Self, Renounce Religion


You were on level 4 of the Dungeon.
You worshipped Qazlal.
Qazlal was noncommittal.
You visited 1 branch of the dungeon, and saw 4 of its levels.

You collected 205 gold pieces.

Inventory:

Hand Weapons
 a - a +0 shortbow
 b - the +6 short sword of Parts Unknown (weapon) {freeze, Int+7}
   (You found it on level 2 of the Dungeon)

   Int+7:     It affects your intelligence (+7).
 p - a +3 flail
Missiles
 z - 3 poisoned darts
Armour
 k - a +0 pair of gloves (worn)
 n - a +0 scale mail (worn)
 q - a +0 pair of boots (worn)
Wands
 y - a wand of charming (6)
Scrolls
 c - a scroll of enchant armour {unknown}
 d - a scroll of torment {unknown}
 e - 6 scrolls of identify {unknown}
 f - a scroll of immolation {unknown}
 j - a scroll of fog {unknown}
 o - a scroll of butterflies
 r - 2 scrolls of teleportation {unknown}
 t - 2 scrolls of amnesia {unknown}
 v - a scroll of vulnerability {unknown}
 w - a scroll of summoning {unknown}
 A - a scroll of noise {unknown}
 B - 3 scrolls of blinking {unknown}
Potions
 g - 2 potions of curing {unknown}
 h - a potion of lignification {unknown}
 i - 2 potions of attraction {unknown}
 l - a potion of haste {unknown}
 m - 3 potions of heal wounds {unknown}
 s - 2 potions of enlightenment {unknown}
 u - a potion of mutation {unknown}
 x - a potion of cancellation {unknown}


   Skills:
 - Level 2.3 Fighting
 + Level 3.6 Short Blades
 + Level 6.5 Ranged Weapons
 - Level 1.8 Dodging
 - Level 1.4 Stealth


You had 6 spell levels left.
You didn't know any spells.
Your spell library contained the following spells:

 Spells                   Type           Power      Damage    Failure   Level
 Lesser Beckoning         Tloc           0%         N/A       80%         2
 Momentum Strike          Conj/Tloc      0%         3d8       80%         2
 Volatile Blastmotes      Fire/Tloc      0%         2d10      95%         3
 Fulminant Prism          Conj/Hex       0%         3d5       100%        4
 Iskenderun's Mystic Bla  Conj/Tloc      0%         2d3       100%        4
 Blink                    Tloc           Unusable   N/A       N/A         2

Dungeon Overview and Level Annotations

Branches:
Dungeon (4/15)
 Temple: D:4-7

Altars:
Cheibriados
Qazlal

Shops:
D:4 (


Innate Abilities, Weirdness & Mutations

You cannot be hasted, slowed, berserked, paralysed or teleported.
You can dig through walls and to a lower floor.
You have a pair of large antennae on your head. (SInv)
Your four strong arms can wield two-handed weapons with a shield.


Message History

You are too injured to fight recklessly!
You are too injured to fight recklessly!
You are too injured to fight recklessly!
You are too injured to fight recklessly!
You are too injured to fight recklessly!
You are too injured to fight recklessly!
You are too injured to fight recklessly!
You are too injured to fight recklessly!
You are too injured to fight recklessly!
You are too injured to fight recklessly!
You are too injured to fight recklessly!
You are too injured to fight recklessly!
You are too injured to fight recklessly!
Unknown command.
You hit the sleepcap. You freeze the sleepcap.
The sleepcap is lightly damaged.
Unknown command.
You hit the sleepcap. You freeze the sleepcap.
The sleepcap is heavily damaged.
The white imp misses you.
The sleepcap releases spores at you but does no damage.
You hit the sleepcap but do no damage.
The sleepcap is heavily damaged.
The sleepcap closely misses you. The white imp barely misses you.
You puncture the sleepcap! You freeze the sleepcap.
The sleepcap is almost destroyed.
The white imp hits you. The white imp freezes you.
The sleepcap releases spores at you.
* * * LOW HITPOINT WARNING * * *
You are engulfed in a cloud of soporific spores!
You fall asleep.
The sleepcap barely misses you. The white imp gestures at you.
The puff of frost hits you.
You wake up.
* * * LOW HITPOINT WARNING * * *
You closely miss the white imp.
The white imp is severely wounded.
The white imp gestures at you. The puff of frost hits you.
You die...

#....#.####....
...###....#####...
....###..........
.....#>†...∩....
.!♣............
#####...#..........
##...##.####........
#.###.f.###.####........
......5@..............##
......#################
..... .... .$. .> .


You could see a sleepcap and a white imp.

Vanquished Creatures
  A phantom (D:4)
  A scorpion (D:4)
  An orc priest (D:3)
  2 iguanas (D:4)
  5 adders
  6 worms
  A dart slug (D:2)
  4 orcs
  7 endoplasms
  6 giant cockroaches
  6 goblins
  8 hobgoblins
  3 jackals (D:1)
  5 quokkas
  8 ball pythons
  12 bats
  2 frilled lizards
  5 kobolds
  8 rats
91 creatures vanquished.

Notes
Turn   | Place    | Note
-------+----------+-------------------------------------------
     0 | D:1      | Descartes the Formicid Hunter began the quest for the Orb.
     0 | D:1      | Reached XP level 1. HP: 16/16 MP: 1/1
    43 | D:1      | Reached XP level 2. HP: 22/22 MP: 2/2
   230 | D:1      | Reached XP level 3. HP: 27/27 MP: 3/3
   728 | D:2      | Reached skill level 5 in Ranged Weapons
   786 | D:2      | Identified the +6 short sword of Parts Unknown {freeze,
                  | Int+7}
   816 | D:2      | Reached XP level 4. HP: 33/33 MP: 4/4
  1666 | D:3      | Reached skill level 1 in Short Blades
  1896 | D:3      | Reached XP level 5. HP: 36/38 MP: 5/5
  2374 | D:4      | Found a stormy altar of Qazlal.
  2443 | D:4      | Became a worshipper of Qazlal Stormbringer
  2453 | D:4      | Noticed a phantom
  2466 | D:4      | Reached skill level 6 in Ranged Weapons
  2466 | D:4      | Reached XP level 6. HP: 32/44 MP: 6/6
  2612 | D:4      | Found a snail-covered altar of Cheibriados.
  2612 | D:4      | Noticed a torpor snail
  2612 | D:4      | Noticed a torpor snail
  2615 | D:4      | Noticed a torpor snail
  2628 | D:4      | Found Sixaok's Weapon Shop.
  2784 | D:4      | Reached XP level 7. HP: 50/50 MP: 7/7
  2802 | D:4      | Killed from afar by a white imp

Illustrated notes

Levels and vault maps discovered:
D:1:      onia_arrival_handbag, layout_basic, minmay_misc_feat_square
D:2:      layout_basic
D:3:      layout_loops_cross
D:4:      layout_rooms, mainiacjoe_overflow_tiny_flanked, cheibriados_altar_2,
          serial_shops, shop, grunt_ministairs_13, chequers_serial_rivers_room_a

Skill      XL: |  1  2  3  4  5  6 |
---------------+-------------------+-----
Ranged Weapons | 5 6 |  6.5
Short Blades   | 1 2 3 |  3.6
Fighting       | |  2.3
Dodging        | |  1.8
Stealth        | |  1.4

Action                     |  1- 3 |  4- 6 |  7- 9 || total
---------------------------+-------+-------+-------++-------
  Melee: Short sword       |       |    72 |     9 ||    81
         Punch             |       |     1 |       ||     1
   Fire: Shortbow          |   116 |   136 |       ||   252
 Armour: Leather armour    |    12 |       |       ||    12
         Scale mail        |    17 |   119 |    12 ||   148
  Dodge: Dodged            |    32 |    86 |     5 ||   123

Table legend: (Time is in decaauts)
 A = Elapsed time spent in this place.
 B = Non-inter-level travel time spent in this place.
 C = Inter-level travel time spent in this place.
 D = Time resting spent in this place.
 E = Time spent auto-exploring this place.
 F = Levels seen in this place.
 G = Mean time per level.
                   A        B        C        D        E       F      G
               +--------+--------+--------+--------+--------+-----+--------+
         Total |   2864 |   2738 |    126 |      0 |   2078 |   4 |  716.0 |
       Dungeon |   2864 |   2738 |    126 |      0 |   2078 |   4 |  716.0 |
               +--------+--------+--------+--------+--------+-----+--------+

Top non-repeatable levels by time:
     D:2: 845 daAuts
     D:3: 785 daAuts
     D:1: 723 daAuts
     D:4: 510 daAuts
